Cogmind - Beta 11 @@@ ROGUE MODE // 2022.03.18 @ 23:04:49 // Winter2019/RPGLIKE Player: IzRey Result: Destroyed self via exploding Fusion Modulator Performance ------------- Evolutions (1) 500 Regions Visited (2) 400 Robots Destroyed (39) 195 Value Destroyed (879) 879 Prototype IDs (0) 0 Alien Tech Used (0) 0 Bonus (47) 47 TOTAL SCORE: 2021 Bonus ------- High Alert Combat Kills 47 Cogmind --------- Core Integrity 0/600 Matter 257/300 Energy 160/160 System Corruption 0% Temperature Cool (12) Movement Rolling (90) Location -9/Materials Parts ------- > --- POWER (1) -------- Light Nuclear Core > --- PROPULSION (2) --- Wheel Compact Wheel > --- UTILITY (1) ------ (None) > --- WEAPON (2) ------- Improved Light Cannon Mini Grenade Launcher > --- INVENTORY (0) ---- (None) Peak State ------------ > --- POWER ------------ Light Nuclear Core > --- PROPULSION ------- Wheel Compact Wheel > --- UTILITY ---------- Light Armor Plating > --- WEAPON ----------- Improved Light Cannon Mini Grenade Launcher > --- INVENTORY -------- (None) [Rating: 10] Favorites ----------- Power Light Nuclear Core Engine Light Ion Engine Power Core Light Nuclear Core Propulsion Wheel Wheel Wheel Utility Tractor Beam Device Tractor Beam Protection Light Armor Plating Weapon Assault Rifle Energy Gun Medium Laser Ballistic Gun Assault Rifle Ballistic Cannon Improved Light Cannon Launcher Grenade Launcher Build | -11 -10 -9 ------- Run | Scr Mat Mat Slots Evolved 2 | 2 . . Power . | . . . Propulsion 1 | 1 . . Utility . | . . . Weapon 1 | 1 . . Parts Attached 13 | 7 4 2 Power 3 | 1 2 . Engine 1 | 1 . . Core 2 | . 2 . Reactor . | . . . Propulsion 2 | 2 . . Treads . | . . . Leg . | . . . Wheel 2 | 2 . . Hover . | . . . Flight . | . . . Utility 2 | 1 1 . Device 1 | 1 . . Storage . | . . . Processor . | . . . Hackware . | . . . Protection 1 | . 1 . Artifact . | . . . Weapon 6 | 3 1 2 Energy Gun 1 | 1 . . Energy Cannon . | . . . Ballistic Gun 2 | 2 . . Ballistic Cannon 1 | . . 1 Launcher 2 | . 1 1 Special Weapon . | . . . Impact Weapon . | . . . Slashing Weapon . | . . . Piercing Weapon . | . . . Special Melee Weapon . | . . . Unidentified Prototypes . | . . . Parts Lost 1 | . . 1 Power . | . . . Propulsion . | . . . Utility 1 | . . 1 Weapon . | . . . Highest Loss Streak 1 | . . 1 To Critical Strikes . | . . . Average Slot Usage (%) 99 | . 100 98 Engine 6 | . 9 . Core 9 | . 6 16 Wheel 33 | . 33 33 Device 10 | . 15 . Protection 5 | . . 14 Ballistic Gun 10 | . 16 . Ballistic Cannon 5 | . . 16 Launcher 15 | . 15 15 Naked Turns . | . . . Heaviest Build 15 | 8 13 15 Greatest Support 26 | 26 26 26 Greatest Overweight (x) . | . . . Average Overweight (x) . | . . . Largest Inventory Capacity . | . . . Average Capacity . | . . . Most Carried . | . . . Average Carried . | . . . Final Capacity . | . . . Final Carried . | . . . Class Distribution -------------------- 100% | Mutant Dominant Class ---------------- Mutant | -10/Materials Mutant | -9/Materials Resources | -11 -10 -9 ----------- Run | Scr Mat Mat Matter Collected 896 | 336 312 248 Remotely 362 | 99 263 . Salvage Created 678 | 201 260 217 Parts 81 | 18 36 27 Haulers Intercepted . | . . . Recyclers Shooed 1 | 1 . . Parts Field Recycled . | . . . Retrieved Matter . | . . . Parts Self-Destructed . | . . . Prevented . | . . . Kills | -11 -10 -9 ------- Run | Scr Mat Mat Combat Hostiles Destroyed 21 | . 13 8 Guns 10 | . 10 . Cannons 7 | . . 7 AOE 4 | . 3 1 Classes Destroyed 9 | 3 4 2 Worker 5 | 2 2 1 Builder 2 | . 1 1 Tunneler 5 | 5 . . Recycler 1 | 1 . . Operator 1 | . . 1 Watcher 4 | . 2 2 Swarmer 5 | . 3 2 Grunt 13 | . 10 3 Sentry 3 | . . 3 Best Kill Streak 5 | 4 5 5 Combat Bots Only 5 | . 5 3 Max Kills in Single Turn 3 | 1 3 2 Gunslinging . | . . . Exploded 1 | . 1 1 Melee . | . . . Uniques/NPCs Destroyed . | . . . Combat | -11 -10 -9 -------- Run | Scr Mat Mat Damage Taken 1403 | . 964 439 Core 1126 | . 823 303 Absorbed by Shields . | . . . Redirected to Core 662 | . 471 191 Core Remaining (%) 69 | 100 39 . Volleys Fired 137 | 22 82 33 Largest 2 | 2 2 2 Hottest 70 | 70 70 69 Shots Fired 179 | 44 98 37 Gun 129 | 44 85 . Cannon 33 | . . 33 Launcher 17 | . 13 4 Special . | . . . Kinetic 137 | 22 82 33 Thermal 25 | 22 3 . Explosive 17 | . 13 4 Electromagnetic . | . . . Robot Hit Streak 15 | 9 15 11 Robot Miss Streak 3 | 3 3 3 Penetration Max . | . . . Secondary Targets . | . . . Shots Hit Robots 102 | 24 54 24 Core Hits 54 | 9 31 14 Critical Kills . | . . . Critical Parts Destroyed . | . . . Critical Strikes 3 | 1 . 2 Burn 1 | 1 . . Blast 2 | . . 2 Melee Attacks . | . . . Impact . | . . . Slashing . | . . . Piercing . | . . . Sneak Attacks . | . . . Combat Hostiles . | . . . Follow-up Attacks . | . . . Damage Inflicted 2242 | 307 1081 854 Guns 944 | 307 637 . Cannons 494 | . . 494 Explosions 804 | . 444 360 Melee . | . . . Ramming . | . . . Kinetic 1265 | 147 624 494 Thermal 323 | 160 38 125 Explosive 654 | . 419 235 Electromagnetic . | . . . Impact . | . . . Slashing . | . . . Piercing . | . . . Highest Corruption . | . . . Average Corruption . | . . . Corruption Purged . | . . . Corruption Blocked . | . . . Overload Shots . | . . . Overflow Damage 79 | . 15 64 Projectiles 5 | . . 5 Explosions 74 | . 15 59 Melee . | . . . Knockbacks 7 | . . 7 Impact . | . . . Kinetic 6 | . . 6 Secondary 1 | . . 1 Self-Inflicted Damage 73 | . . 73 Shots 2 | . . 2 Rammed . | . . . Targets Rammed . | . . . Kicked . | . . . Crushed . | . . . Highest Temperature 82 | 72 27 82 Average Temperature 26 | 23 7 33 Received Heat Transfer 375 | . 312 63 Siege Activations . | . . . Robots Corrupted . | . . . Combat Hostiles . | . . . Parts Fried . | . . . Impact Corruptions . | . . . Robots Melted . | . . . Combat Hostiles . | . . . Parts Melted 1 | 1 . . Heat Transferred 742 | 555 87 100 Parts Sabotaged . | . . . Parts Stolen . | . . . Parts Stripped . | . . . Power Chain Reactions . | . . . Missiles Intercepted . | . . . Alert | -11 -10 -9 ------- Run | Scr Mat Mat Peak Influence 556 | 40 556 551 Initial 234 | . 26 234 Average 240 | 18 258 335 Maximum Alert Level 2 | . 2 2 Low Security (%) 31 | 100 26 . Level 1 50 | . 50 81 Level 2 18 | . 23 18 Level 3 . | . . . Level 4 . | . . . Level 5 . | . . . High Security . | . . . Max Security . | . . . Squads Dispatched 4 | . 3 1 Investigation . | . . . Extermination . | . . . Reinforcement 4 | . 3 1 Assault . | . . . Garrison . | . . . Intercept . | . . . Searches Triggered . | . . . Construction Impeded 1 | . . 1 Haulers Reinforced . | . . . Active Scanning Responses . | . . . Cargo Convoy Interrupts . | . . . Stealth | -11 -10 -9 --------- Run | Scr Mat Mat Distress Signals 4 | . 2 2 Communications Jammed . | . . . Distress Signals . | . . . Times Spotted 39 | . 25 14 Peak Tracking Total 5 | . 4 5 Tactical Retreats . | . . . Traps | -11 -10 -9 ------- Run | Scr Mat Mat Traps Triggered . | . . . Indirectly . | . . . Trap Hack Attempts . | . . . Triggered . | . . . Disarmed . | . . . Reprogrammed . | . . . Reused . | . . . Traps Extracted . | . . . Installed . | . . . Triggered . | . . . Machines | -11 -10 -9 ---------- Run | Scr Mat Mat Machines Disabled 10 | . 8 2 Max in Single Turn 3 | . 3 1 Machines Sabotaged . | . . . Garrisons Compromised . | . . . Overloaded Fab Kills . | . . . Hacking | -11 -10 -9 --------- Run | Scr Mat Mat Machines Accessed 3 | . 2 1 Terminals 3 | . 2 1 Fabricators . | . . . Repair Stations . | . . . Recycling Units . | . . . Scanalyzers . | . . . Garrison Access . | . . . Total Hacks 9 | . 7 2 Successful 5 | . 4 1 Failed 4 | . 3 1 Catastrophic 2 | . 2 . Database Lockouts . | . . . Manual 7 | . 5 2 Terminals 9 | . 7 2 Fabricators . | . . . Repair Stations . | . . . Recycling Units . | . . . Scanalyzers . | . . . Garrison Access . | . . . Terminal Hacks . | . . . Fabricator Hacks . | . . . Repair Station Hacks . | . . . Recycling Unit Hacks . | . . . Scanalyzer . | . . . Garrison Access Hacks . | . . . Unauthorized Hacks 5 | . 4 1 Terminals 5 | . 4 1 Track 1 | . 1 . Assimilate 1 | . 1 . Botnet 3 | . 2 1 Fabricators . | . . . Repair Stations . | . . . Recycling Units . | . . . Scanalyzers . | . . . Garrison Access . | . . . Data Cores Recovered . | . . . Used . | . . . Hacking Detections 2 | . 1 1 Full Trace Events . | . . . Feedback Events . | . . . Feedback Blocked . | . . . Robot Schematics Acquired . | . . . Robots Built . | . . . Authchips . | . . . Time . | . . . Total Robot Build Rating . | . . . Part Schematics Acquired . | . . . Parts Built . | . . . Authchips . | . . . Time . | . . . Total Part Build Rating . | . . . Parts Repaired . | . . . Time . | . . . Parts Recycled . | . . . Recycled Matter . | . . . Retrieved Matter . | . . . Retrieved Components . | . . . Parts Scanalyzed . | . . . Part Schematics Acquired . | . . . Parts Damaged . | . . . Bothacking | -11 -10 -9 ------------ Run | Scr Mat Mat Used RIF Installer . | . . . Robots Hacked . | . . . Non-combat . | . . . Combat . | . . . Robot Hacks Applied . | . . . Relay Couplers Released . | . . . Fabnet Peak Effective % . | . . . Robots Rewired . | . . . Allies Hacked . | . . . Hacks Repelled . | . . . Allies | -11 -10 -9 -------- Run | Scr Mat Mat Total Allies 1 | . 1 . Largest Group 1 | . 1 1 Highest-Rated Group 10 | . 10 10 Highest-Rated Ally 10 | . 10 10 Total Orders . | . . . Ally Attacks . | . . . Total Damage . | . . . Kills . | . . . Allies Corrupted . | . . . Allies Melted . | . . . Intel | -11 -10 -9 ------- Run | Scr Mat Mat Robot Analysis Total . | . . . Derelict Logs Recovered . | . . . Drone Launches . | . . . Drone Recoveries . | . . . Exploration | -11 -10 -9 ------------- Run | Scr Mat Mat Turns Passed 1071 | 176 604 291 Spaces Moved 737 | 124 403 210 Core 29 | 29 . . Treads . | . . . Legs . | . . . Wheels 708 | 95 403 210 Hover . | . . . Flight . | . . . Fastest Speed 50 | 50 90 90 Average Speed 88 | 80 90 90 Slowest Speed 90 | 90 90 90 Overloaded Moves . | . . . Propulsion Burnouts . | . . . Robots Hopped . | . . . Cave-ins Triggered 1 | . 1 . Exploration Rate (%) 33 | 6 72 21 Regions Visited 2 Branch Regions . Pre-discovered Areas . | . . . Known Exits Taken . | . . . Unknown Exits Taken 2 | 1 1 . Scrap Searched . | . . . Spaces Dug . | . . . Terrain Destroyed 89 | . 69 20 Melee . | . . . Projectile 1 | . . 1 AOE 88 | . 69 19 Terrain Rammed . | . . . Walls Destroyed . | . . . Machines Disabled . | . . . Actions | -11 -10 -9 --------- Run | Scr Mat Mat Total 973 | 153 546 274 Wait 56 | . 31 25 Move 735 | 123 402 210 Hop . | . . . Pick Up . | . . . Fast Attach 11 | 6 3 2 Attach . | . . . Detach . | . . . Swap 2 | 1 1 . Drop 7 | 1 4 2 Fire 137 | 22 82 33 Melee . | . . . Ram . | . . . Kick . | . . . Crush . | . . . Escape Stasis . | . . . Rewire . | . . . Trap . | . . . Miscellaneous 25 | . 23 2 Route ------- -11/Scrapyard -10/Materials (discovered 4 exits: *Mat x2 / [*Min x2]) -9/Materials History --------- Turn | Location | Event 14 | -11/Scrapyard | Upgraded with Propulsion slot (x1) 14 | -11/Scrapyard | Upgraded with Weapon slot (x1) 19 | -11/Scrapyard | Discovered new exit (range 16) 177 | -11/Scrapyard | Entered Materials 310 | -10/Materials | Build established: Mutant 336 | -10/Materials | Discovered new exit (range 13) 443 | -10/Materials | Discovered new exit (range 14) 468 | -10/Materials | Discovered new exit (range 15) 577 | -10/Materials | Core integrity fell below 50% 579 | -10/Materials | Reached level 2 649 | -10/Materials | Crushed by falling debris 717 | -10/Materials | Core integrity fell below 20% 774 | -10/Materials | Discovered new exit (range 9) 781 | -10/Materials | Entered another Materials area 781 | -9/Materials | Accompanied by 1 ally 782 | -9/Materials | Core integrity fell below 50% 783 | -9/Materials | Reached level 3 1050 | -9/Materials | Reached level 4 1054 | -9/Materials | Core integrity fell below 20% 1072 | -9/Materials | Destroyed self via exploding Fusion Modulator Last Messages --------------- 01049_ Acquired 16 matter. 01050_ Reached level 4. 01050_ S-10 Pest destroyed. 01050_ K-01 Serf destroyed. 01051_ Acquired 8 matter. 01051_ U-05 Engineer lays Concrete. 01053_ Lgt. Armor Plating destroyed. 01055_ U-05 Engineer builds a Wall. 01055_ S-10 Pest destroyed. 01055_ Destroyed Flight Unit. 01055_ Destroyed Wheel. 01058_ S-10 Pest destroyed. 01063_ Y-45 Defender destroyed. 01063_ ALERT: Construction progress impeded, dispatching reinforcements to local area. 01068_ T-07 Excavator is excavating. 01068_ U-05 Engineer lays Concrete. 01072_ Fusion Modulator explodes. 01072_ Destroyed Lgt. Ion Engine. 01072_ U-05 Engineer destroyed. Map ----- +----------------------------------------------------+ | ?????????????????????????????????????????????????? | | ?????????????????????????????????????????????????? | | ?????????????????????????????????????????????????? | | ?????????????????????????????????????????????????? | | ?????????????????????????????????????????????????? | | ?????????????????????????????????????????????????? | | ?????????????????????????????????????????????????? | | ?????????????????????????????????????????????????? | | ?????????????????????????????????????????????????? | | ?????????????????????????????????????????????????? | | ?????????????????????????????????????????????????? | | ?????????????????????????????????????????????????? | | ?????????????????????????????????????????????????? | | ?????????????????????????????????????????????????? | | ?????????????? ????????????????????????????????? | | ?????????????? ########????????????????????????? | | ??????????????? ????????????????????????? | | ????????????? #???????????????????????? | | ?????????????k "T" ########????????????????? | | ?????????????? u # #????????????????? | | ??????????????? !%* #????????????????? | | ???????????????"""= #????????????????? | | ????????????#??""" #????????????????? | | ??????????###%!""" #????????????????? | | ????????? %u #????????????????? | | ????????? @ #????????????????? | | ????????? a #????????????????? | | ????????????# ;# [ #????????????????? | | ????????????### ==* #????????????????? | | ??????????????# t # #????????????????? | | ??????????????###### # #????????????????? | | ???????????????????###?#r# #????????????????? | | ???????????????????????# ########????????????????? | | ???????????????????????# #???????????????????????? | | ???????????????????????# #???????????????????????? | | ???????????????????????# #???????????????????????? | | ???????????????????????# #???????????????????????? | | ???????????????#########+#???????????????????????? | | ???????????????# """"""" #???????????????????????? | | ???????????????# """"""" #???????????????????????? | | ???????????????# """"""" #???????????????????????? | | ???????????????# """"""" #???????????????????????? | | ???????????????# """"""" #???????????????????????? | | ####?#?????????# #???????????????????????? | | ????????#= #???????????????????????? | | ]][ ""????????# #???????????????????????? | | ]][ """???????#####+#####???????????????????????? | | ]] """?######## #????????????????????????? | | ? + = #????????????????????????? | | ??"" """ # * #????????????????????????? | +----------------------------------------------------+ Best States ------------- Heat Dissipation 25 Energy Generation 14 Energy Capacity 160 Matter Stores 300 Matter Capacity 300 Sight Range 16 Robot Scan Range 16 Terrain Scan Density 10 Armor Coverage 150 Evasion (%) 50 Item Schematics ----------------- None Robot Schematics ------------------ None Fabricated ------------ Nothing Alien Tech Used ----------------- None Achievements -------------- None Challenges ------------ None RPGLIKE | -11 -10 -9 --------- Run | Scr Mat Mat Levels Raised 3 | . 1 2 XP Earned 7888 | 3000 2207 2681 XP Spent 3000 | 3000 . . Upgrades 12 | 12 . . Propulsion Slot 1 | 1 . . Weapon Slot 1 | 1 . . Sensor Range 8 | 8 . . Ranged Accuracy 2 | 2 . . Protomatter Created 272 | . 229 43 Integrity Restored 513 | . 477 36 Core 496 | . 460 36 Parts 17 | . 17 . Protomatter Decayed 17 | . 17 . Game ------ Seed ModifiedNeutrinoChainsword Manual? 0 Play Time 00:17:36 Cumulative 458.8 hours Start 2022.03.18 @ 22:45:53 End 2022.03.18 @ 23:04:49 Sessions 1 Manual Loads 0 Difficulty Rogue Special Mode Winter2019/RPGLIKE Game No. 19 Rogue 2 Adventurer 17 Explorer 0 Win Type - Total 1 Types 1/0/0/0/0/0/0/0/0 Lore% 33 Gallery% 54 Achievement% 42 Wizard Run 0 Options --------- ASCII 0 Keyboard 1 Movement Vi Keybinds 0 Fullscreen 1 Font 18/X11Bold Map View 66x50 Tactical HUD 1 Map Filters NONE Filters NONE Steam 1 RUN: 7eaf3030-4ef5-4102-85b9-8ec8846445b6